 Dungeon Crawl Stone Soup version 0.29.1-15-g9cfb28693d (webtiles) character file.

Game seed: 8207535091427295435

2127 Heoruswealwe the Thaumaturge (level 9, -6/45 HPs)
             Began as a Deep Elf Earth Elementalist on Apr 11, 2023.
             Was an Elder of Vehumet.
             Killed from afar by an acid dragon (29 damage)
             ... with a splash of acid
             ... on level 6 of the Dungeon.
             The game lasted 01:03:02 (5322 turns).

Heoruswealwe the Thaumaturge (DEEE)                 Turns: 5322, Time: 01:03:02

Health: -6/45      AC:  0    Str:  5    XL:     9   Next: 8%
Magic:  21/26      EV: 12    Int: 31    God:    Vehumet [****..]
Gold:   316        SH:  5    Dex: 15    Spells: 19/30 levels left

rFire   . . .      SeeInvis .   o - +1 war axe (vorpal)
rCold   . . .      Faith    .   (no shield)
rNeg    . . .      Spirit   .   e - +0 robe
rPois   +          Reflect  +   (no helmet)
rElec   .          Harm     .   p - +1 cloak
rCorr   .          Rampage  .   (no gloves)
Will    .....                   (no boots)
Stlth   ++........              t - amulet of reflection
HPRegen 0.15/turn               F - +6 ring of intelligence
MPRegen 0.20/turn               A - ring of poison resistance

@: corroded
A: no striking features
a: Renounce Religion


You were on level 6 of the Dungeon.
You worshipped Vehumet.
Vehumet was greatly pleased with you.
You visited 2 branches of the dungeon, and saw 7 of its levels.
You also visited: Sewer and Ossuary.

You collected 467 gold pieces.
You spent 151 gold pieces at shops.

Inventory:

Hand Weapons
 o - a +1 vorpal war axe (weapon)
 s - a +0 arbalest
Armour
 a - a +0 robe
 e - a +0 robe (worn)
 g - a +0 robe
 p - a +1 cloak (worn)
Jewellery
 q - a +6 ring of strength
 t - an amulet of reflection (around neck)
 A - a ring of poison resistance (right hand)
 C - a +6 ring of dexterity
 F - a +6 ring of intelligence (left hand)
Wands
 B - a wand of iceblast (7)
Scrolls
 c - a scroll of acquirement
 h - 2 scrolls of noise {unknown}
 i - 3 scrolls of poison {unknown}
 j - 2 scrolls of enchant armour {unknown}
 u - 3 scrolls of magic mapping
 y - a scroll of identify
 E - a scroll of brand weapon
Potions
 b - 6 potions of magic
 d - a potion of flight
 f - 4 potions of haste
 k - 3 potions of brilliance {unknown}
 l - 6 potions of resistance {unknown}
 n - 6 potions of curing
 r - 4 potions of lignification {unknown}
 v - a potion of attraction {unknown}
 w - 3 potions of might {unknown}
 x - 3 potions of degeneration {unknown}
 z - a potion of mutation {unknown}


   Skills:
 - Level 2.4 Dodging
 - Level 2.4 Stealth
 + Level 11.4 Spellcasting
 - Level 1.1 Transmutations
 + Level 9.9 Earth Magic


You had 19 spell levels left.
You knew the following spells:

 Your Spells              Type           Power      Damage    Failure   Level
a - Sandblast             Erth           100%       2d20      1%          1
b - Stone Arrow           Conj/Erth      96%        3d13      1%          3
c - Petrify               Tmut/Erth      51%        N/A       3%          4
d - Magic Dart            Conj           68%        1d6       1%          1
z - Passwall              Tmut/Erth      42%        N/A       1%          2

Your spell library contained the following spells:

 Spells                   Type           Power      Damage    Failure   Level
 Iskenderun's Mystic Bla  Conj/Tloc      17%        2d5       8%          4
 Foxfire                  Conj/Fire      68%        2x1d7     1%          1
 Necrotise                Necr           68%        1d7       2%          1
 Slow                     Hex            68%        N/A       2%          1
 Conjure Flame            Conj/Fire      17%        6-21      2%          3
 Inner Flame              Hex/Fire       17%        N/A       2%          3
 Flame Wave               Conj/Fire      17%        2d7       8%          4
 Confusing Touch          Hex            17%        N/A       9%          3
 Vampiric Draining        Necr           17%        2d7       9%          3
 Agony                    Necr           17%        N/A       61%         5
 Summon Forest            Summ/Tloc      8%         N/A       61%         5
 Eringya's Noxious Bog    Tmut/Pois      10%        N/A       63%         6
 Summon Hydra             Summ           8%         N/A       100%        7


Dungeon Overview and Level Annotations

Branches:
Dungeon (6/15)             Temple (1/1) D:6           Sewer (visited)
Ossuary (visited)

Altars:
Ashenzari
Cheibriados
Dithmenos
Elyvilon
Gozag
Hepliaklqana
Kikubaaqudgha
Makhleb
Nemelex Xobeh
Okawaru
Qazlal
Ru
Trog
Uskayaw
Vehumet
Wu Jian
Xom
Yredelemnul
Zin
The Shining One

Shops:
D:1 *!![=


Message History

You kill the kobold!
Vehumet accepts your kill.
Things that are here:
a +0 dagger; a curare-tipped dart You now have 316 gold pieces (gained 10).
Items here: )) [ ††.
Your attacks no longer feel as feeble.
g - a +0 robe
Okay, then.
y - a scroll of identify
Things that are here:
a +0 whip; a stone; a kobold corpse An acid dragon comes into view.
The acid dragon spits acid at you. The splash of acid hits you!!
The acid corrodes you!
Items here: ( )) ††.
The blast of sand misses the acid dragon.
The blast of sand hits the acid dragon!
The acid dragon is moderately wounded.
The blast of sand hits the acid dragon but does no damage.
The acid dragon is moderately wounded.
The acid dragon bites you!
* * * LOW HITPOINT WARNING * * *
The acid dragon closely misses you.
You feel better. The acid dragon spits acid at you.
The splash of acid hits you!
* * * LOW HITPOINT WARNING * * *
You feel much better. The acid dragon closely misses you. x2
Casting: Sandblast (safe; 1% risk of failure)
Confirm with . or Enter, or press ? or * to list all spells.
Aiming: Sandblast (safe; 1% risk of failure)
Press: ? - help, Shift-Dir - straight line, f/p - acid dragon
Aim: an acid dragon (moderately wounded, 85% to hit)
The blast of sand hits the acid dragon.
The acid dragon is heavily wounded.
The acid dragon spits acid at you. The splash of acid hits you!!
Ouch! That really hurt!
You die...

####........##........##
#8##........###........##
...'........##..........##
#8##....)................#
####..........##.......#####
................##.....##..#
...........#..........(....#
.......#####################
.......#........@D.P.P,,,,,****
.......#.......).#......,,,*,,*
.......#.......).#,.....,,,*,,*
.......#......)..#,,P...,,,*,,***
..#########'######***###**+*,,*>,
.##>...#....#,,,,*,,,,,,,,,*,,,,,
.##....#.⌠..#,,,,*,,,,,,,,,**,,,,
..#....#..⌠.#,,,,*,,,,,,,,,**,,,,
.##....'....#,,,,*,,,,,,,,,***,,*


You could see an acid dragon (catching breath).

Vanquished Creatures
  The ghost of ripuliukko the Magician, an amateur DEEE of Vehumet (D:5)
  An ice beast (D:6)
  A black bear (D:6)
  5 ogres
  An elf zombie (Ossuary)
  2 kobold brigands
  2 scorpions (D:5)
  2 howler monkeys (D:6)
  4 centaur zombies (Ossuary)
  A jelly (D:5)
  4 hounds
  2 gnoll boudas (D:6)
  Ijyb (D:4)
  Natasha (thrice) (D:2)
  2 iguanas (D:5)
  3 hound zombies (Ossuary)
  3 mummies (Ossuary)
  8 gnolls
  8 adders
  5 river rats (Sewer)
  2 shadow imps (D:6)
  A white imp (D:6)
  2 ufetubi
  5 adder zombies (Ossuary)
  2 dart slugs (D:4)
  10 orcs
  7 ball pythons
  5 endoplasms
  5 giant cockroaches
  2 gnoll zombies (Ossuary)
  6 goblins
  5 hobgoblins
  4 jackals (D:4)
  29 kobolds
  3 quokkas
  3 bats (D:1)
  4 frilled lizards
  2 goblin zombies (Ossuary)
  3 hobgoblin zombies (Ossuary)
  4 jackal zombies (Ossuary)
  4 kobold zombies (Ossuary)
  An orc zombie (Ossuary)
  4 quokka zombies (Ossuary)
  24 rats
  2 rat zombies (Ossuary)
198 creatures vanquished.

Vanquished Creatures (others)
  A bush (D:6)
1 creature vanquished.

Grand Total: 199 creatures vanquished

Notes
Turn   | Place    | Note
-------+----------+-------------------------------------------
     0 | D:1      | Heoruswealwe the Deep Elf Earth Elementalist began the
                  | quest for the Orb.
     0 | D:1      | Reached XP level 1. HP: 10/10 MP: 6/6
   267 | D:1      | Reached XP level 2. HP: 15/15 MP: 5/8
   270 | D:1      | Learned a level 2 spell: Passwall
   308 | D:1      | Found Mukk's Distillery.
   335 | D:1      | Found Jojeson's General Store.
   522 | D:1      | You fall into a shaft and drop 1 floor!
   567 | D:2      | Noticed Natasha
   571 | D:2      | Killed Natasha
   572 | D:2      | Reached skill level 4 in Spellcasting
   572 | D:2      | Reached XP level 3. HP: 19/19 MP: 6/10
   576 | D:2      | Learned a level 3 spell: Stone Arrow
   787 | D:2      | Noticed Natasha
   790 | D:2      | Killed Natasha
   791 | D:2      | Reached XP level 4. HP: 24/24 MP: 9/12
   796 | D:2      | Learned a level 4 spell: Petrify
   929 | D:2      | Noticed Natasha
   934 | D:2      | Killed Natasha
   935 | D:2      | Reached skill level 5 in Spellcasting
   996 | D:1      | Bought a potion of heal wounds for 70 gold pieces
   996 | D:1      | Bought a potion of curing for 42 gold pieces
  1046 | D:1      | Found Juhyfoq's Distillery.
  1244 | D:1      | Found Weos's Jewellery Boutique.
  1375 | D:1      | Found Laun's Armour Shoppe.
  1478 | D:1      | Bought a potion of flight for 39 gold pieces
  1599 | D:3      | Found a radiant altar of Vehumet.
  1605 | D:3      | Became a worshipper of Vehumet
  1730 | D:3      | Reached skill level 5 in Earth Magic
  1885 | D:3      | Found a faded altar of an unknown god.
  1903 | D:3      | Reached XP level 5. HP: 28/28 MP: 12/14
  2376 | D:4      | Noticed Ijyb
  2387 | D:4      | Killed Ijyb
  2575 | D:4      | Reached skill level 6 in Spellcasting
  3016 | D:4      | Noticed an ogre
  3021 | D:4      | Killed an ogre
  3022 | D:4      | Reached XP level 6. HP: 32/32 MP: 12/17
  3092 | D:5      | Entered Level 5 of the Dungeon
  3151 | D:5      | Reached skill level 7 in Spellcasting
  3158 | D:5      | Reached * piety under Vehumet
  3158 | D:5      | Offered knowledge of Freeze by Vehumet.
  3159 | D:5      | Reached XP level 7. HP: 36/36 MP: 11/19
  3183 | D:5      | Reached skill level 8 in Spellcasting
  3270 | D:5      | Found a sand-covered staircase.
  3291 | Ossuary  | Entered an ossuary
  3349 | Ossuary  | Reached skill level 9 in Spellcasting
  3368 | Ossuary  | Offered knowledge of Magic Dart by Vehumet.
  3374 | Ossuary  | Learned a level 1 spell: Magic Dart
  3379 | Ossuary  | Reached XP level 8. HP: 41/41 MP: 15/23
  3379 | Ossuary  | Reached ** piety under Vehumet
  3634 | D:5      | Found a runed translucent door.
  3641 | D:5      | Noticed ripuliukko's ghost (amateur DEEE)
  3647 | D:5      | Killed ripuliukko's ghost
  3648 | D:5      | Reached skill level 10 in Spellcasting
  3750 | D:5      | Found a hazy altar of Hepliaklqana.
  3973 | D:6      | Found a snail-covered altar of Cheibriados.
  3975 | D:6      | Identified a scroll of acquirement
  4062 | D:6      | Found a glowing drain.
  4066 | Sewer    | Entered a sewer
  4081 | Sewer    | Offered knowledge of Ignite Poison by Vehumet.
  4203 | Sewer    | Reached *** piety under Vehumet
  4284 | Sewer    | Offered knowledge of Iskenderun's Mystic Blast by Vehumet.
  4622 | D:6      | Found a staircase to the Ecumenical Temple.
  4714 | Temple   | Entered the Ecumenical Temple
  4843 | D:6      | Found an ornate altar of the Wu Jian Council.
  4865 | D:6      | Reached skill level 11 in Spellcasting
  5097 | D:6      | Reached XP level 9. HP: 37/45 MP: 23/26
  5111 | D:6      | Noticed a troll
  5111 | D:6      | Noticed a gargoyle
  5124 | D:6      | Noticed a manticore
  5124 | D:6      | Noticed a troll
  5308 | D:6      | Reached **** piety under Vehumet
  5320 | D:6      | HP: 2/45 [acid dragon/splash of acid (17)]
  5322 | D:6      | Killed from afar by an acid dragon

Illustrated notes

Levels and vault maps discovered:
D:1:      dpeg_arrival_morbid_curiosity, layout_basic, serial_shops, shop, shop,
          shop, shop, shop
D:2:      layout_rooms, hangedman_decor_points, chequers_garden, hex_medium,
          uniq_natasha
D:3:      layout_loops_cross, vehumet_crystals,
          chequers_ecumenical_altar_island, dreamdust_princess_corridor
D:4:      layout_cave_pods, uniq_ijyb
D:5:      layout_rooms, nicolae_hepliaklqana_hippocampus,
          ebering_ghost_reflecting_pool, chequers_ossuary_entry_cave
D:6:      minmay_klotski, layout_cave_pools, old_standard_altar,
          mainiacjoe_overflow_brackets, minmay_temple_entry_tees,
          gup_sewer_entry_bowl, dk_noncrumbling_2, minmay_tree_intersection,
          fountainhead
Temple:   lightli_temple_of_artemis

Skill      XL: |  1  2  3  4  5  6  7  8 |
---------------+-------------------------+-----
Spellcasting   | 4 5 6 7 9 11 | 11.4
Earth Magic    | 4 5 6 7 9 |  9.9
Dodging        | |  2.4
Stealth        | |  2.4
Transmutations | |  1.1

Action                   |  1- 3 |  4- 6 |  7- 9 || total
-------------------------+-------+-------+-------++-------
Melee: War axe           |       |     1 |     1 ||     2
 Cast: Sandblast         |    32 |    66 |   183 ||   281
       Passwall          |       |     1 |     2 ||     3
  Use: Scroll            |       |       |    11 ||    11
       Potion            |       |       |     8 ||     8
Armor: Robe              |       |     2 |     9 ||    11
Dodge: Dodged            |     1 |    17 |    37 ||    55
Block: Other             |       |       |     7 ||     7
       Reflection        |       |       |     4 ||     4
